 Dungeon Crawl Stone Soup version 0.28.0-43-g3370ac3207 (webtiles) character file.

Game seed: 16034020372239454951

503 protoss039 the Cudgeller (level 7, -3/44 HPs)
             Began as a Gargoyle Fighter on Mar 7, 2022.
             Slain by a two-headed ogre
             ... wielding a +0 giant club
              (25 damage)
             ... on level 4 of the Dungeon.
             The game lasted 00:05:42 (3826 turns).

protoss039 the Cudgeller (Gargoyle Fighter)         Turns: 3826, Time: 00:05:43

Health: -3/44      AC: 13    Str: 21    XL:     7   Next: 17%
Magic:  7/7        EV:  9    Int:  9    God:
Gold:   130        SH:  4    Dex:  9    Spells: 6/6 levels left

rFire   . . .      SeeInvis .   l - +2 flail (holy)
rCold   . . .      Faith    .   c - +0 buckler
rNeg    + . .      Spirit   .   b - +0 scale mail
rPois   ∞          Reflect  .   n - +0 helmet
rElec   +          Harm     .   (no cloak)
rCorr   .          Rampage  .   (no gloves)
Will    .....                   (no boots)
Stlth   ..........              (no amulet)
HPRegen 0.14/turn               a - ring of flight
MPRegen 0.10/turn               (no ring)

@: flying
A: sickness immunity, AC +4, negative energy resistance 1, electricity
resistance, torment resistance 1, petrification resistance
a: no special abilities


You were on level 4 of the Dungeon.
You visited 1 branch of the dungeon, and saw 4 of its levels.

You collected 130 gold pieces.

Inventory:

Hand Weapons
 l - a +2 flail of holy wrath (weapon)
Armour
 b - a +0 scale mail (worn)
 c - a +0 buckler (worn)
 n - a +0 helmet (worn)
Jewellery
 a - a ring of flight (left hand)
 t - a ring of resist corrosion
 x - a +4 ring of evasion
Wands
 v - a wand of paralysis (5)
Scrolls
 e - a scroll of enchant armour {unknown}
 f - 3 scrolls of fog {unknown}
 i - a scroll of blinking {unknown}
 k - 2 scrolls of magic mapping {unknown}
 o - 2 scrolls of identify {unknown}
 p - a scroll of immolation {unknown}
 r - a scroll of vulnerability {unknown}
 s - 2 scrolls of fear {unknown}
Potions
 d - a potion of might
 g - a potion of mutation {unknown}
 h - 3 potions of curing {unknown}
 j - a potion of haste {unknown}
 m - 3 potions of berserk rage {unknown}
 q - a potion of attraction {unknown}
 u - a potion of brilliance {unknown}
 w - a potion of heal wounds {unknown}
 z - a potion of lignification {unknown}


   Skills:
 + Level 4.5 Fighting
 + Level 5.5 Maces & Flails
 + Level 5.1 Armour
 + Level 4.2 Shields


You had 6 spell levels left.
You didn't know any spells.
Your spell library contained the following spells:

 Spells                   Type           Power      Damage    Failure   Level
 Sandblast                Erth           0%         2d4       80%         1
 Corpse Rot               Necr/Air       0%         N/A       90%         2
 Passwall                 Tmut/Erth      0%         N/A       90%         2
 Poisonous Vapours        Pois/Air       0%         N/A       90%         2
 Confusing Touch          Hex            0%         N/A       99%         3
 Stone Arrow              Conj/Erth      0%         3d7       99%         3
 Petrify                  Tmut/Erth      0%         N/A       100%        4
 Irradiate                Conj/Tmut      0%         3d14      100%        5
 Yara's Violent Unravell  Hex/Tmut       0%         3d3       100%        5
 Enfeeble                 Hex            0%         N/A       100%        7
 Chain Lightning          Conj/Air       0%         N/A       100%        9
 Fire Storm               Conj/Fire      0%         5d1       100%        9
 Shatter                  Erth           0%         3d5*      100%        9
 Sublimation of Blood     Necr           Unusable   N/A       N/A         2

Dungeon Overview and Level Annotations

Branches:
Dungeon (4/15)
 Temple: D:4-7

Altars:

Annotations:
D:3 1 runed translucent door, Lizzurd's ghost, amateur NaMo


Innate Abilities, Weirdness & Mutations

You are immune to sickness and miasma.
Your stone body is resilient. (AC +4)
You are immune to poison.
You resist negative energy. (rN+)
You are resistant to electric shocks. (rElec)
You are resistant to unholy torment.
You are immune to petrification.


Message History

A necrophage is nearby!
A necrophage is nearby!
You hit the necrophage.
The necrophage convulses.
The necrophage is lightly damaged.
The necrophage hits you but does no damage.
You thump the necrophage!
The necrophage convulses!
You destroy the necrophage!
Your Armour skill increases to level 5!
You have reached level 7!
No target in view!
Unknown command.
Found a stone staircase leading down.
Found a scale mail.
There is a stone staircase leading down here.
You pick up a book of Geomancy and begin reading...
You add the spells Sandblast, Passwall and Stone Arrow to your library.
You pick up a book of Annihilations and begin reading...
You add the spells Chain Lightning, Fire Storm and Shatter to your library.
A two-headed ogre comes into view.
It is wielding a +0 giant club and a +0 giant spiked club.
The two-headed ogre shouts in stereo!
A two-headed ogre is nearby!
Okay, then.
You don't know any spells.
Okay, then.
Press: ? - help, v - describe, . - travel
Here: a two-headed ogre, wielding a +0 giant club and a +0 giant spiked club The floor.
You hit the two-headed ogre.
The two-headed ogre is lightly wounded.
The two-headed ogre hits you with a +0 giant club.
The two-headed ogre barely misses you.
You barely miss the two-headed ogre.
The two-headed ogre is lightly wounded.
The two-headed ogre hits you with a +0 giant club.
The two-headed ogre hits you with a +0 giant spiked club!
The two-headed ogre hits you with a +0 giant club!
The two-headed ogre closely misses you.
The two-headed ogre hits you with a +0 giant club!!
Ouch! That really hurt!
You die...

##...................##
##...................#
#...................#
#...................#
##..................#
#####
##.................#
#....
#.................#
#....
##.>......[.......#
..... #........@......#
.....
#.......O....#...#
..... #..........###
#..## #. #...##...###
#..### ## #...#...##
#####<..## #.....###
###........##
######....##
#........##..###
#.......###
#........###...#
#.......### #.......)#
##...


You could see a two-headed ogre.

Vanquished Creatures
  2 necrophages
  A scorpion (D:3)
  A bullfrog zombie (D:4)
  A hound (D:3)
  A centaur skeleton (D:4)
  An orc wizard (D:3)
  4 adders (D:3)
  4 gnolls
  2 adder skeletons (D:4)
  A dart slug (D:2)
  10 orcs
  4 endoplasms
  9 giant cockroaches (D:3)
  9 hobgoblins
  7 jackals
  3 kobolds
  5 ball pythons
  3 bats
  3 frilled lizards
  5 goblins
  A rat (D:1)
77 creatures vanquished.

Notes
Turn   | Place    | Note
-------+----------+-------------------------------------------
     0 | D:1      | protoss039 the Gargoyle Fighter began the quest for the
                  | Orb.
     0 | D:1      | Reached XP level 1. HP: 14/14 MP: 1/1
   517 | D:1      | Reached XP level 2. HP: 17/19 MP: 2/2
   896 | D:2      | Found a faded altar of an unknown god.
  1188 | D:2      | Reached XP level 3. HP: 11/23 MP: 3/3
  1887 | D:3      | Found a runed translucent door.
  1892 | D:3      | Noticed Lizzurd's ghost (amateur NaMo)
  1908 | D:3      | Reached XP level 4. HP: 25/29 MP: 4/4
  2163 | D:3      | Noticed a necrophage
  2168 | D:3      | Killed a necrophage
  2169 | D:3      | Reached XP level 5. HP: 33/33 MP: 5/5
  2347 | D:3      | Reached XP level 6. HP: 29/38 MP: 6/6
  3283 | D:4      | Reached skill level 5 in Maces & Flails
  3738 | D:4      | Noticed a necrophage
  3743 | D:4      | Killed a necrophage
  3744 | D:4      | Reached skill level 5 in Armour
  3744 | D:4      | Reached XP level 7. HP: 44/44 MP: 7/7
  3805 | D:4      | Noticed a two-headed ogre
  3826 | D:4      | Slain by a two-headed ogre

Illustrated notes

Levels and vault maps discovered:
D:1:      dpeg_arrival_simpleton_b, layout_basic, minmay_tetromino_t4
D:2:      layout_basic, shapermc_ecumenical_altar_mp_highgroup,
          minmay_goblin_outpost
D:3:      minmay_roachtagon, layout_loops_corners, ebering_ghost_sewer_d
D:4:      nicolae_cairo_tiling_large, layout_cave_pods

Skill      XL: |  1  2  3  4  5  6 |
---------------+-------------------+-----
Maces & Flails | 3 4 5 |  5.5
Fighting       | 4 |  4.5
Armour         | 4 5 |  5.1
Shields        | 4 |  4.2

Action                   |  1- 3 |  4- 6 |  7- 9 || total
-------------------------+-------+-------+-------++-------
Melee: Flail             |    92 |   150 |     2 ||   244
Armor: Scale mail        |    58 |    98 |       ||   156
Dodge: Dodged            |    72 |    72 |     2 ||   146
Block: Buckler           |    21 |    36 |       ||    57
